 Dungeon Crawl Stone Soup version 0.24.0-123-gd5b16e6ec5 (webtiles) character file.

Game seed: 2243783984116361710, levelgen mode: deterministic

80007 Ponchio the Eclecticist (level 15, -11/92 HPs)
             Began as a Deep Elf Earth Elementalist on Jan 16, 2020.
             Was a High Priest of Vehumet.
             Mangled by a +2 vampiric halberd (32 damage)
             ... on level 2 of the Elven Halls.
             The game lasted 02:38:29 (26733 turns).

Ponchio the Eclecticist (DEEE)                     Turns: 26733, Time: 02:38:29

Health: -11/92     AC: 10    Str:  6    XL:     15   Next: 22%
Magic:  33/62      EV: 19    Int: 40    God:    Vehumet [*****.]
Gold:   1180       SH:  0    Dex: 15    Spells: 12/48 levels left

rFire    . . .     SeeInvis .   J - staff of power
rCold    + + .     Gourm    .   (no shield)
rNeg     + . .     Faith    .   N - +1 robe "Wozokaic" {rC+ Str-3 Int+5}
rPois    +         Spirit   .   s - +2 helmet {Int+3}
rElec    .         Reflect  .   l - -1 cloak "Vyanguat" {rPois rC+ Str+4}
rCorr    .         Harm     .   K - +0 pair of gloves
MR       ++++.     Clarity  +   n - +2 pair of boots
Stlth    ++........             y - amulet of the Four Winds {rN+ MR+++ Clar}
HPRegen  0.25/turn              h - ring of magical power
MPRegen  0.38/turn              Q - +5 ring of intelligence

@: no status effects
A: no striking features
a: Renounce Religion


You were on level 2 of the Elven Halls.
You worshipped Vehumet.
Vehumet was extremely pleased with you.
You were hungry.

You visited 5 branches of the dungeon, and saw 20 of its levels.
You also visited: Sewer.

You collected 2014 gold pieces.
You spent 834 gold pieces at shops.

Inventory:

Hand Weapons
 g - a +4 dagger of venom
Missiles
 b - 256 stones (quivered)
 F - 5 silver boomerangs
Armour
 l - the -1 cloak "Vyanguat" (worn) {rPois rC+ Str+4}
   (You found it on level 4 of the Dungeon)

   It affects your strength (+4).
   It protects you from cold.
   It protects you from poison.
 n - a +2 pair of boots (worn)
 s - a +2 helmet of intelligence (worn)
 E - a +1 robe of magic resistance
 K - a +0 pair of gloves (worn)
 N - the +1 robe "Wozokaic" (worn) {rC+ Str-3 Int+5}
   (You found it on level 2 of the Elven Halls)

   It affects your strength (-3).
   It affects your intelligence (+5).
   It protects you from cold.
Magical Staves
 J - an uncursed staff of power (weapon)
 T - an uncursed staff of fire
 U - an uncursed staff of air
Jewellery
 a - an uncursed ring of resist corrosion {unknown}
 c - an uncursed ring of protection from magic
 h - a ring of magical power (left hand)
 p - an uncursed ring of protection from fire {unknown}
 t - an uncursed ring of poison resistance
 u - an uncursed ring of protection from cold {unknown}
 y - the amulet of the Four Winds (around neck) {rN+ MR+++ Clar}
   (You bought it in a shop on level 2 of the Elven Halls)

   [amulet of nothing]

   It protects you from negative energy.
   It affects your resistance to hostile enchantments.
   It protects you against confusion.
 B - a cursed ring of fire {unknown}
 D - the brooch of Shielding {Reflect SH+8}
   (You found it on level 6 of the Dungeon)

   [amulet of reflection]

   It shields you and reflects attacks.
   It affects your SH (+8).
 Q - a +5 ring of intelligence (right hand)
 X - an uncursed ring of protection from magic
Wands
 f - a wand of enslavement (8)
 w - a wand of digging (2)
 G - a wand of acid (17)
 M - a wand of disintegration (26)
 O - a wand of iceblast (9)
Scrolls
 e - 2 scrolls of amnesia
 m - 3 scrolls of enchant armour
 r - 6 scrolls of teleportation
 C - 4 scrolls of remove curse
Potions
 j - 3 potions of brilliance
 k - 5 potions of haste
 o - 2 potions of resistance
 v - 4 potions of curing
 x - 2 potions of agility
 z - 4 potions of invisibility
 A - a potion of heal wounds
 H - 2 potions of cancellation
 I - a potion of magic
Miscellaneous
 q - a phantom mirror
Comestibles
 d - 30 rations


   Skills:
 - Level 10.2 Fighting
 - Level 10.8 Dodging
 - Level 2.4 Stealth
 + Level 17.3 Spellcasting
 + Level 11.5 Conjurations
 - Level 1.1 Transmutations
 + Level 10.1 Fire Magic
 * Level 13.4 Earth Magic


You had 12 spell levels left.
You knew the following spells:

 Your Spells              Type           Power        Failure   Level  Hunger
a - Sandblast             Erth           ######       0%          1    None
b - Passwall              Tmut/Erth      #######.     1%          2    None
c - Stone Arrow           Conj/Erth      ######       0%          3    None
d - Petrify               Tmut/Erth      #######.     1%          4    None
e - Lee's Rapid Deconstr  Erth           #######...   1%          5    None
f - Static Discharge      Conj/Air       ######..     1%          3    None
g - Fireball              Conj/Fire      #######...   1%          5    None
h - Orb of Destruction    Conj           #######...   1%          7    #......
i - Iron Shot             Conj/Erth      #######...   1%          6    None

Your spell library contained the following spells:

 Spells                   Type           Power        Failure   Level  Hunger
 Poison Arrow             Conj/Pois      ######....   3%          6    None
 Corona                   Hex            ####...      1%          1    None
 Ensorcelled Hibernation  Hex/Ice        ####..       1%          2    None
 Dazzling Spray           Conj/Hex       ######       1%          3    None
 Ignite Poison            Fire/Tmut/Pois ######..     1%          3    None
 Bolt of Fire             Conj/Fire      #######...   1%          6    None
 Confuse                  Hex            ####....     2%          3    None
 Tukima's Dance           Hex            ####....     2%          3    None
 Bolt of Cold             Conj/Ice       ######....   3%          6    None
 Ice Form                 Ice/Tmut       #####...     7%          4    None
 Freezing Cloud           Conj/Ice/Air   ######....   7%          6    None
 Ignition                 Fire           #######...   21%         8    ####...
 Metabolic Englaciation   Hex/Ice        ####......   22%         5    None
 Ozocubu's Refrigeration  Ice            ####......   30%         6    None
 Ring of Flames           Chrm/Fire      ######....   65%         7    #......
 Simulacrum               Ice/Necr       ####......   77%         6    None


Dungeon Overview and Level Annotations

Branches:
Dungeon (9/15)             Temple (1/1) D:5            Lair (6/6) D:9
 Shoals (0/4) Lair:3       Spider (0/4) Lair:3        Slime (0/5) Lair:5
    Orc (2/2) D:9             Elf (2/3) Orc:2         Sewer (visited)

Altars:
Ashenzari
Cheibriados
Dithmenos
Elyvilon
Fedhas
Gozag
Hepliaklqana
Kikubaaqudgha
Makhleb
Nemelex Xobeh
Okawaru
Qazlal
Ru
Sif Muna
Trog
Uskayaw
Vehumet
Wu Jian
Xom
Yredelemnul
Zin
The Shining One
Beogh

Shops:
Orc:2 ::!=   Elf:2 =}=

Annotations:
D:6 2 transporters, VPR's ghost, novice HOMo


Message History

The +2 vampiric halberd draws strength from your wounds!
Casting: Fireball (safe; 1% risk of failure)
Confirm with . or Enter, or press ? or * to list all spells.
Aiming: Iron Shot (safe; 1% risk of failure)
Press: ? - help, Shift-Dir - straight line, f/p - +2 vampiric halberd
Aim: a +2 vampiric halberd (lightly damaged)
The iron shot misses the +2 vampiric halberd.
The +2 vampiric halberd hits you from afar!!
* * * LOW HITPOINT WARNING * * *
The +2 vampiric halberd hits you from afar!
* * * LOW HITPOINT WARNING * * *
The +2 vampiric halberd draws strength from your wounds!
You feel much better.
The +2 vampiric halberd completely misses you.
The deep elf mage casts a spell at you. The shard of ice misses you.
As you read the scroll of fog, it crumbles to dust.
The scroll dissolves into smoke.
The +2 vampiric halberd hits you from afar!!
You die...

...................
...................
.......)...........
#.................#
##..e....).......##
#........(........#
......§§§§.........
......§@§..........
.##...§§###.....##.
##...''#''...## #####...#####
############## #'''# ##########
.....(.......####...####[........
.............##.......##...<.....
.(...........##.......##.........
..)...<......########'##.......).


You could see a deep elf mage and a +2 vampiric halberd.

Vanquished Creatures
  An orc warlord (Orc:2)
  A stone giant (Orc:2)
  Azrael (Elf:1)
  A deep elf demonologist (Elf:1)
  Josephine (Orc:2)
  5 hydras
  Erica (Lair:2)
  Harold (Orc:1)
  2 catoblepae (Lair:6)
  A queen ant (shapeshifter) (Elf:2)
  11 dancing weapons
  2 two-headed ogres
  A deep troll shaman (Lair:6)
  5 death yaks (Lair:6)
  Sonja (Orc:2)
  5 orc high priests
  3 deep elf knights
  Nergalle (Orc:1)
  A lindwurm (Lair:6)
  2 deep elf archers (Elf:2)
  A wolf spider (Lair:3)
  22 deep elf magi
  3 oklob plants (Lair:5)
  5 orc knights (Orc:2)
  3 orc sorcerers (Orc:2)
  4 black mambas
  6 elephants (Lair:6)
  A molten gargoyle (Lair:5)
  9 spiny frogs
  7 komodo dragons
  A rime drake (Lair:6)
  5 trolls
  A queen bee (shapeshifter) (Elf:2)
  A polar bear (Lair:6)
  19 blink frogs
  6 hippogriffs
  Sigmund (D:6)
  2 wyverns
  2 air elementals
  A spriggan (shapeshifter) (Elf:2)
  5 water elementals
  5 wraiths
  16 yaks
  A human (D:9)
  6 fire elementals
  2 basilisks (Lair:2)
  A steam dragon (D:9)
  4 hell hounds (Elf:1)
  4 wargs (Orc:2)
  13 water moccasins
  A soldier ant (shapeshifter) (Elf:2)
  Duvessa (D:7)
  9 porcupines
  2 black bears (Lair:6)
  41 orc warriors
  2 sky beasts (D:8)
  2 ice beasts (D:5)
  A phantom (D:8)
  A hornet zombie (D:5)
  13 ogres
  A necrophage (D:6)
  16 wolves
  3 centaurs
  13 crocodiles
  14 bullfrogs
  Dowan (D:7)
  3 earth elementals
  5 wights (D:7)
  4 jellies
  2 howler monkeys
  2 electric eels (Lair:5)
  4 crimson imps
  5 hounds
  3 centaur skeletons
  33 orc priests
  2 bullfrog skeletons
  12 orc wizards
  2 iguanas
  5 worker ants
  A hound skeleton (D:7)
  A worker ant zombie (D:6)
  9 gnolls
  10 adders
  11 oozes (Sewer)
  5 worms
  2 dart slugs
  14 leopard geckos
  87 orcs
  5 bats
  11 giant cockroaches (Sewer)
  2 gnoll zombies (D:3)
  5 goblins
  6 hobgoblins
  10 jackals
  4 kobolds
  2 quokkas
  9 ball pythons
  16 frilled lizards
  A jackal skeleton (D:4)
  A quokka skeleton (D:6)
  5 rats
  2 fungi
  3 plants (Lair:5)
629 creatures vanquished.

Vanquished Creatures (others)
  8 fungi
  6 plants
14 creatures vanquished.

Grand Total: 643 creatures vanquished

Notes
Turn   | Place    | Note
-------+----------+-------------------------------------------
     0 | D:1      | Ponchio the Deep Elf Earth Elementalist began the quest for
                  | the Orb.
     0 | D:1      | Reached XP level 1. HP: 10/10 MP: 6/6
   494 | D:1      | Reached XP level 2. HP: 15/15 MP: 8/8
  1183 | D:2      | Found a shimmering altar of Xom.
  1270 | D:2      | Reached XP level 3. HP: 18/19 MP: 10/10
  1299 | D:2      | Learned a level 2 spell: Passwall
  1303 | D:2      | Learned a level 3 spell: Stone Arrow
  2016 | D:2      | Found a hazy altar of Hepliaklqana.
  2254 | D:2      | Reached skill level 4 in Spellcasting
  2323 | D:2      | Reached XP level 4. HP: 24/24 MP: 12/12
  2617 | D:3      | Reached skill level 5 in Earth Magic
  2662 | D:3      | Learned a level 4 spell: Petrify
  2839 | D:3      | Found a basalt altar of Yredelemnul.
  3658 | D:4      | Found a blossoming altar of Fedhas.
  3659 | D:4      | Found an ancient bone altar of Kikubaaqudgha.
  3672 | D:4      | Got a distressingly furry cloak
  3702 | D:4      | Identified the cursed -1 cloak "Vyanguat" {rPois rC+ Str+4}
                  | (You found it on level 4 of the Dungeon)
  3855 | D:4      | Reached skill level 5 in Spellcasting
  3855 | D:4      | Reached XP level 5. HP: 28/28 MP: 14/14
  4053 | D:4      | Learned a level 5 spell: Lee's Rapid Deconstruction
  4155 | D:4      | Found a sparkling altar of Nemelex Xobeh.
  4419 | D:4      | Found a glowing golden altar of the Shining One.
  4444 | D:4      | Noticed an ogre
  4446 | D:4      | Killed an ogre
  4446 | D:4      | Reached skill level 6 in Spellcasting
  4446 | D:4      | Reached XP level 6. HP: 32/32 MP: 17/17
  4601 | D:5      | Entered Level 5 of the Dungeon
  4739 | D:5      | Noticed an ice beast
  4767 | D:5      | Noticed an ice beast
  4771 | D:5      | Killed an ice beast
  4771 | D:5      | Reached skill level 7 in Spellcasting
  4771 | D:5      | Reached XP level 7. HP: 36/36 MP: 6/19
  4818 | D:5      | Found a glowing drain.
  4827 | Sewer    | Entered a sewer
  5223 | Sewer    | Reached skill level 8 in Spellcasting
  5533 | D:5      | Found a sparkling altar of Nemelex Xobeh.
  5564 | D:5      | Reached XP level 8. HP: 41/41 MP: 22/22
  5660 | D:5      | Found a shattered altar of Ashenzari.
  5660 | D:5      | Found an iron altar of Okawaru.
  5705 | D:5      | Found a staircase to the Ecumenical Temple.
  5721 | Temple   | Entered the Ecumenical Temple
  5731 | Temple   | Became a worshipper of Vehumet
  6395 | D:6      | Noticed Sigmund
  6396 | D:6      | Killed Sigmund
  6396 | D:6      | Reached skill level 1 in Fighting
  6396 | D:6      | Reached skill level 9 in Spellcasting
  6507 | D:6      | Noticed VPR's ghost (novice HOMo)
  6603 | D:6      | Found a transporter.
  6607 | D:6      | Found a transporter.
  6962 | D:6      | Found a shimmering blue altar of Sif Muna.
  7131 | D:6      | Found the brooch of Shielding {Reflect SH+8}
  7321 | D:7      | Found a stormy altar of Qazlal.
  7481 | D:7      | Reached XP level 9. HP: 48/52 MP: 16/24
  7500 | D:7      | Reached * piety under Vehumet
  7500 | D:7      | Offered knowledge of Sting by Vehumet.
  7539 | D:7      | Reached skill level 5 in Dodging
  7539 | D:7      | Reached skill level 10 in Spellcasting
  7799 | D:7      | Noticed Duvessa
  7819 | D:7      | Killed Duvessa
  7824 | D:7      | Noticed Dowan
  7826 | D:7      | Killed Dowan
  8218 | D:8      | Reached skill level 5 in Fighting
  8591 | D:8      | Found a burning altar of Makhleb.
  8592 | D:8      | Noticed a cacodemon
  8602 | D:8      | Found a glowing silver altar of Zin.
  8603 | D:8      | Noticed an angel
  8987 | D:9      | Reached skill level 11 in Spellcasting
  9000 | D:9      | Offered knowledge of Throw Frost by Vehumet.
  9000 | D:9      | Reached ** piety under Vehumet
  9021 | D:9      | Reached XP level 10. HP: 61/61 MP: 0/27
  9288 | D:9      | Found a staircase to the Orcish Mines.
  9812 | D:9      | Found a staircase to the Lair.
  9929 | Lair:1   | Entered Level 1 of the Lair of Beasts
 10002 | Lair:1   | Offered knowledge of Static Discharge by Vehumet.
 10007 | Lair:1   | Learned a level 3 spell: Static Discharge
 10198 | Lair:1   | Noticed an eight-headed hydra
 10206 | Lair:1   | Killed an eight-headed hydra
 10206 | Lair:1   | Reached skill level 12 in Spellcasting
 10586 | Lair:1   | Reached XP level 11. HP: 63/69 MP: 18/29
 10592 | Lair:1   | Reached *** piety under Vehumet
 11149 | Lair:2   | Noticed Erica
 11153 | Lair:2   | Killed Erica
 11707 | Lair:2   | Reached skill level 13 in Spellcasting
 11986 | Lair:2   | Offered knowledge of Iskenderun's Mystic Blast by Vehumet.
 12336 | Lair:3   | Noticed a catoblepas
 12494 | Lair:3   | Noticed a wolf spider
 12496 | Lair:3   | Reached skill level 10 in Dodging
 12766 | Lair:3   | Reached skill level 10 in Fighting
 13010 | Lair:3   | Killed a wolf spider
 13121 | Lair:3   | Found a hole to the Spider Nest.
 13172 | Lair:3   | Reached **** piety under Vehumet
 13481 | Lair:3   | Found a staircase to the Shoals.
 14015 | Lair:4   | Reached XP level 12. HP: 77/77 MP: 25/31
 14273 | Lair:4   | Reached skill level 1 in Conjurations
 14496 | Lair:4   | Noticed a seven-headed hydra
 14503 | Lair:4   | Killed a seven-headed hydra
 14592 | Lair:4   | Learned a level 5 spell: Fireball
 14620 | Lair:4   | Noticed a seven-headed hydra
 14627 | Lair:4   | Killed a seven-headed hydra
 14627 | Lair:4   | Reached skill level 1 in Fire Magic
 14879 | Lair:4   | Reached skill level 14 in Spellcasting
 15517 | Lair:5   | Offered knowledge of Bolt of Draining by Vehumet.
 16324 | Lair:5   | Got a twisted hand axe
 16327 | Lair:5   | Identified the cursed +1 hand axe of Balance {freeze, Int+3
                  | Stlth+} (You found it on level 5 of the Lair of Beasts)
 16618 | Lair:5   | Found a staircase to the Slime Pits.
 17098 | Lair:6   | Entered Level 6 of the Lair of Beasts
 17181 | Lair:6   | Reached skill level 5 in Conjurations
 17351 | Lair:6   | Noticed a catoblepas
 17469 | Lair:6   | Noticed an eight-headed hydra
 17472 | Lair:6   | Killed an eight-headed hydra
 17472 | Lair:6   | Reached skill level 10 in Earth Magic
 17477 | Lair:6   | Reached skill level 5 in Fire Magic
 17617 | Lair:6   | Noticed a five-headed hydra
 17622 | Lair:6   | Killed a five-headed hydra
 17624 | Lair:6   | Reached skill level 15 in Spellcasting
 17634 | Lair:6   | Reached XP level 13. HP: 82/82 MP: 19/34
 19191 | Lair:6   | Reached ***** piety under Vehumet
 19287 | Lair:6   | Offered knowledge of Orb of Destruction by Vehumet.
 20334 | D:9      | Learned a level 7 spell: Orb of Destruction
 20389 | Orc:1    | Entered Level 1 of the Orcish Mines
 20618 | Orc:2    | Entered Level 2 of the Orcish Mines
 20618 | Orc:2    | Noticed Josephine
 20623 | Orc:2    | Killed Josephine
 20960 | Orc:2    | Noticed Sonja
 20999 | Orc:2    | Killed Sonja
 21355 | Orc:1    | Reached skill level 16 in Spellcasting
 21356 | Orc:1    | Noticed Nergalle
 21358 | Orc:1    | Noticed Harold
 21361 | Orc:1    | Killed Harold
 21528 | Orc:1    | Killed Nergalle
 21608 | Orc:1    | Found a roughly hewn altar of Beogh.
 22040 | Orc:2    | Offered knowledge of Iron Shot by Vehumet.
 22048 | Orc:2    | Learned a level 6 spell: Iron Shot
 22435 | Orc:2    | Found a roughly hewn altar of Beogh.
 22457 | Orc:2    | Reached XP level 14. HP: 88/88 MP: 36/36
 22620 | Orc:2    | Found Mitopyog's Book Boutique.
 22635 | Orc:2    | Found Quramowy's Book Shop.
 23018 | Orc:2    | Noticed a stone giant
 23020 | Orc:2    | Killed a stone giant
 23126 | Orc:2    | Found a staircase to the Elven Halls.
 23397 | Orc:2    | Noticed an orc warlord
 23442 | Orc:2    | Killed an orc warlord
 23737 | Orc:2    | Found a roughly hewn altar of Beogh.
 23765 | Orc:2    | Found Emmerr's Distillery.
 23924 | Orc:2    | Reached skill level 10 in Conjurations
 24067 | Orc:2    | Found Vikin's Jewellery Emporium.
 24361 | Elf:1    | Entered Level 1 of the Elven Halls
 24758 | Elf:1    | Noticed Azrael
 24764 | Elf:1    | Killed Azrael
 24764 | Elf:1    | Offered knowledge of Poison Arrow by Vehumet.
 24789 | Elf:1    | Reached skill level 17 in Spellcasting
 25918 | Elf:2    | Found Fun Coi's Gadget Shoppe.
 25919 | Elf:2    | Found Wiungene's Jewellery Boutique.
 25919 | Elf:2    | Found Quibuhypn's Jewellery Boutique.
 25934 | Elf:2    | Bought the amulet of the Four Winds {rN+ MR+++ Clar} for
                  | 834 gold pieces
 25934 | Elf:2    | Found the amulet of the Four Winds {rN+ MR+++ Clar}
 25969 | Elf:2    | Reached XP level 15. HP: 87/92 MP: 26/38
 26119 | Elf:2    | Found a runed translucent gate.
 26119 | Elf:2    | Found a runed translucent gate.
 26119 | Elf:2    | Found a runed translucent gate.
 26155 | Elf:2    | Got a translucent ring mail
 26289 | Elf:2    | Got an ancient robe
 26325 | Elf:1    | Identified the cursed +0 ring mail "Fedaschu" {Str+2} (You
                  | found it on level 2 of the Elven Halls)
 26338 | Elf:1    | Identified the +1 robe "Wozokaic" {rC+ Str-3 Int+5} (You
                  | found it on level 2 of the Elven Halls)
 26469 | Elf:2    | Reached skill level 10 in Fire Magic
 26731 | Elf:2    | HP: 2/92 [+2 vampiric halberd (15)]
 26733 | Elf:2    | Mangled by a +2 vampiric halberd

Levels and vault maps discovered:
D:1:      nagdon_arrival_double_spiral, layout_loops_ring,
          grunt_decor_mini_mirrors
D:2:      layout_basic, general_overflow_altar, lemuel_coloured_pillars_altar
D:3:      layout_loops_ring, lemuel_zombie_altar_yredelemnul, first_ration
D:4:      layout_gridville, grunt_temple_overflow_growth_and_decay,
          nicolae_overflow_hidden_temple, kennysheep_mini
D:5:      layout_basic, chequers_temple_overflow_statue_of_worship,
          minmay_temple_entry_statues_pillars, cheibrodos_sewer_entry_drain,
          basic_altar, corexii_shack
D:6:      layout_basic, kennysheep_mini_moat, gammafunk_ghost_hive,
          minmay_misc_feat_x, uniq_sigmund
D:7:      layout_basic, nicolae_qazlal_general_emergency, uniq_duvessa
D:8:      layout_rooms, grunt_temple_overflow_order_and_chaos_2
D:9:      layout_rooms, erik_lair_dragon, erik_orc_4
Temple:   compressed_dpeg_triangle_lava_temple
Lair:1:   layout_roguey
Lair:2:   layout_roguey, uniq_erica
Lair:3:   layout_cave_shapes, minmay_shoals_entry_hut, spider_nest_entry_rubble,
          st_stairs_4, wad_woods_road_03
Lair:4:   layout_cave_pods, chequers_serial_rivers_small_a, grunt_megastairs_1
Lair:5:   dpeg_oklob_gauntlet, layout_gridlike, slime_dummy, ldierk_geyser,
          grunt_forest_large_clearing_hut
Lair:6:   grunt_lair_end_beastmaster, layout_big_grid
Orc:1:    layout_diamond_mine, basic_altar, uniq_nergalle, uniq_harold
Orc:2:    pubby_orc_utopia, uniq_sonja, uniq_josephine
Elf:1:    minmay_elf_arrival_summoners, layout_loops_cross, serial_glass,
          glass_columns_a, glass_columns_a, uniq_azrael
Elf:2:    layout_onion_city, minivault_19, minmay_shop_grove

Skill      XL: |  1  2  3  4  5  6  7  8  9 10 11 12 13 14 15 |
---------------+----------------------------------------------+-----
Earth Magic    | 4 5 6 7 8 10 11 13 | 13.4
Spellcasting   | 4 5 6 7 8 9 11 12 13 15 16 17 | 17.3
Fighting       | 4 6 8 10 | 10.2
Dodging        | 4 6 8 10 | 10.8
Conjurations   | 5 8 11 | 11.5
Fire Magic     | 5 8 9 10 | 10.1
Stealth        | |  2.4
Transmutations | |  1.1

Action                   |  1- 3 |  4- 6 |  7- 9 | 10-12 | 13-15 || total
-------------------------+-------+-------+-------+-------+-------++-------
Melee: Dagger            |    46 |    47 |    37 |     3 |       ||   133
       Hand axe          |       |     1 |    39 |       |       ||    40
       Staff             |       |       |       |     1 |     4 ||     5
 Cast: Sandblast         |    25 |    43 |   114 |   107 |    22 ||   311
       Lee's Rapid Decon |       |     4 |    29 |    95 |   133 ||   261
       Stone Arrow       |       |       |    17 |   122 |   101 ||   240
       Fireball          |       |       |       |    14 |   108 ||   122
       Static Discharge  |       |       |       |     3 |     8 ||    11
       Petrify           |       |       |       |     3 |     3 ||     6
       Iron Shot         |       |       |       |       |    43 ||    43
       Orb of Destructio |       |       |       |       |     5 ||     5
Evoke: Wand              |       |       |     1 |     1 |       ||     2
       Staff of energy   |       |       |       |     2 |       ||     2
  Use: Scroll            |     4 |     5 |    11 |    11 |     9 ||    40
       Potion            |       |       |       |     4 |     2 ||     6
 Stab: Sleeping          |     5 |     3 |     2 |     1 |       ||    11
  Eat: Chunk             |     4 |     4 |    11 |    19 |    24 ||    62
       Ration            |       |     1 |     2 |     3 |     1 ||     7
Armor: Robe              |     7 |    14 |    44 |    11 |    11 ||    87
Dodge: Dodged            |    32 |    42 |    73 |    87 |    86 ||   320
Block: Other             |       |       |    23 |    45 |    35 ||   103
       Reflection        |       |       |       |       |     2 ||     2
